 Dungeon Crawl Stone Soup version 0.31-a0-664-g902f515a81 (webtiles) character file.

Game seed: 13298224748597323308

2677 LobsterGuardian the Thaumaturge (level 9, -1/49 HPs)
             Began as a Deep Elf Necromancer on Sept 2, 2023.
             Was a Follower of Vehumet.
             Slain by a hornet (7 damage)
             ... on level 8 of the Dungeon.
             The game lasted 00:28:27 (8209 turns).

LobsterGuardian the Thaumaturge (DENe)              Turns: 8209, Time: 00:28:27

Health: -1/49      AC: 13    Str:  9    XL:     9   Next: 37%
Magic:  21/26      EV: 17    Int: 24    God:    Vehumet [*.....]
Gold:   471        SH:  0    Dex: 14    Spells: 16/30 levels left

rFire   . . .        a - staff of death
rCold   . . .        (no shield)
rNeg    + . .        n - +0 leather armour
rPois   .            y - +0 helmet
rElec   .            k - +0 cloak
rCorr   .            q - +0 pair of gloves
SInv    .            x - +2 pair of boots
Will    .....        (no amulet)
Stlth   ++           c - +5 ring of evasion
HPRegen 0.28/turn    l - +4 ring of protection
MPRegen 0.20/turn

%: no passive effects
@: very slightly contaminated, slowed, very slow
A: talons 1, robust 1, strong 1
a: Renounce Religion


You were on level 8 of the Dungeon.
You worshipped Vehumet.
Vehumet was aware of your devotion.
You visited 2 branches of the dungeon, and saw 9 of its levels.
You also visited: Sewer.

You collected 576 gold pieces.
You paid 105 gold pieces to Gozag.

Inventory:

Armour
 k - a +0 cloak (worn)
 n - a +0 leather armour (worn)
 q - a +0 pair of gloves (worn)
 x - a +2 pair of boots (worn)
 y - a +0 helmet (worn)
Magical Staves
 a - a staff of death (weapon)
Jewellery
 c - a +5 ring of evasion (left hand)
 l - a +4 ring of protection (right hand)
 s - an amulet of guardian spirit
 t - a +5 ring of evasion
 v - a ring of protection from fire
 w - an amulet of faith
Wands
 r - a wand of iceblast (5)
 u - a wand of flame (9)
Scrolls
 e - a scroll of poison
 f - 5 scrolls of enchant weapon
 h - a scroll of fear
 A - a scroll of amnesia {unknown}
 B - a scroll of blinking {unknown}
Potions
 b - 2 potions of magic
 d - a potion of cancellation
 j - 3 potions of curing
 m - 2 potions of haste
 o - a potion of ambrosia
 p - a potion of heal wounds
 z - 2 potions of attraction


   Skills:
 * Level 4.6 Staves
 + Level 0.1 Armour
 + Level 3.7 Dodging
 + Level 3.0 Stealth
 * Level 11.2 Spellcasting
 + Level 10.7 Necromancy
 + Level 0.3 Evocations


You had 16 spell levels left.
You knew the following spells:

 Your Spells              Type           Power      Damage    Failure   Level
a - Necrotise             Necr           100%       1d9       1%          1
b - Vampiric Draining     Necr           77%        2d11      1%          3
c - Animate Dead          Necr           77%        N/A       1%          4
d - Agony                 Necr           77%        N/A       2%          5
e - Sandblast             Erth           26%        2d8       6%          1

Your spell library contained the following spells:

 Spells                   Type           Power      Damage    Failure   Level
 Freeze                   Ice            52%        1d6       7%          1
 Poisonous Vapours        Pois/Air       26%        N/A       10%         2
 Frozen Ramparts          Ice            26%        1d4       21%         3
 Hailstorm                Conj/Ice       13%        3d5       21%         3
 Mephitic Cloud           Conj/Pois/Air  13%        N/A       21%         3
 Volatile Blastmotes      Fire/Tloc      26%        2d12      21%         3
 Fulminant Prism          Conj/Hex       6%         3d7       54%         4
 Iskenderun's Mystic Bla  Conj/Tloc      13%        2d5       54%         4
 Freezing Cloud           Conj/Ice/Air   6%         6-21      88%         5


Dungeon Overview and Level Annotations

Branches:
Dungeon (8/15)             Temple (1/1) D:6           Sewer (visited)
   Lair: D:8-11

Altars:
Ashenzari
Cheibriados
Dithmenos
Elyvilon
Gozag
Hepliaklqana
Okawaru
Qazlal
Sif Muna
Trog
Uskayaw
Vehumet
Xom
Yredelemnul
The Shining One

Shops:
D:1 ?   D:3 *   D:7 *


Innate Abilities, Weirdness & Mutations

You have sharp toenails.
You are robust. (+10% HP)
Your muscles are strong. (Str +4, Int/Dex -1)


Message History

Your orc zombie closely misses the hornet.
Your bullfrog zombie misses the hornet.
Unknown command.
Casting: Sandblast (safe; 6% risk of failure)
Confirm with . or Enter, or press ? or * to list all spells.
Aiming: Vampiric Draining (safe; 1% risk of failure)
Press: ? - help, Shift-Dir - straight line, f/p - hornet
Aim: a hornet (moderately wounded, berserk, incited by Gozag, ally target)
You feel a surge of power!
You draw life force from the hornet!
You feel life coursing into your body.
You feel yourself speed up. The hornet barely misses you.
The hornet stings you.
You feel yourself slow down. The hornet stings you.
You feel as though you will be slow longer.
Your bullfrog zombie hits the hornet but does no damage.
Your orc zombie closely misses the hornet.
The hornet stings you!
You feel as though you will be slow longer.
Unknown command.
Gozag petitions for your drink to fail. The hornet closely misses you.
Your bullfrog zombie barely misses the hornet.
The hornet stings you but does no damage.
Your bullfrog zombie barely misses the hornet.
A sky beast comes into view.
Gozag incites the sky beast against you.
The sky beast goes berserk!
Your orc zombie closely misses the hornet.
The hornet stings you but does no damage.
You feel much better. The hornet stings you!!
You feel as though you will be slow longer.
Your bullfrog zombie hits the hornet but does no damage.
The hornet stings you!
* * * LOW HITPOINT WARNING * * *
You feel as though you will be slow longer.
Your bullfrog zombie closely misses the hornet.
Your orc zombie hits the hornet.
The hornet completely misses you. Gozag petitions for your drink to fail.
The hornet stings you!
You die...

....... .......
....... .<.....
## ......
.######
#..Y..##......#
#.y@# ####ZZ# .
###...Z## ..
##...#### ..
#..### #) ##.##
#.######..#
#........##
#........#


You could see a hornet (berserk, incited, ally target), a sky beast (berserk,
incited), a friendly bullfrog zombie, a friendly kobold zombie and a friendly
orc zombie.

Vanquished Creatures
  A hornet (D:8)
  An orc warrior (D:6)
  A water moccasin (D:6)
  2 black bears
  2 centaurs
  A phantom (D:6)
  3 kobold brigands (Sewer)
  A gnoll sergeant (D:7)
  3 bullfrogs
  3 scorpions
  5 hounds
  2 jellies (D:6)
  An iron imp (D:4)
  2 orc priests
  A gnoll bouda (D:7)
  4 iguanas
  Jessica (D:3)
  Natasha (thrice) (D:3)
  2 orc wizards (D:6)
  12 adders
  7 gnolls (D:7)
  4 river rats (Sewer)
  A white imp (D:7)
  An ufetubus (D:6)
  3 worms
  A dart slug (D:2)
  16 orcs
  7 ball pythons
  5 endoplasms
  3 giant cockroaches
  5 hobgoblins
  2 jackals (D:3)
  20 kobolds
  2 quokkas
  5 bats
  5 frilled lizards
  9 goblins
  16 rats
163 creatures vanquished.

Vanquished Creatures (collateral kills)
  An ice beast (D:7)
  2 kobold brigands
  A jelly (D:7)
  3 gnolls (D:7)
  A shadow imp (D:7)
  A white imp (D:7)
  3 orcs
  5 ball pythons (Sewer)
  A frilled lizard (Sewer)
  3 kobolds (Sewer)
  4 rats (Sewer)
25 creatures vanquished.

Vanquished Creatures (others)
  A kraken (D:1)
  2 gargoyles (D:1)
  A merfolk (D:1)
  A vampire (D:1)
  A naga (D:1)
  A hornet zombie (D:8)
  2 dwarves (D:1)
  A bullfrog zombie (D:7)
  4 gnoll zombies (D:7)
  An orc (D:1)
  4 kobold zombies
  3 orc zombies
  6 tentacles (D:1)
28 creatures vanquished.

Grand Total: 216 creatures vanquished

Notes
Turn   | Place    | Note
-------+----------+-------------------------------------------
     0 | D:1      | LobsterGuardian the Deep Elf Necromancer began the quest
                  | for the Orb.
     0 | D:1      | Reached XP level 1. HP: 10/10 MP: 6/6
     0 | D:1      | Noticed a dwarf
     0 | D:1      | Noticed a gargoyle
     0 | D:1      | Noticed a dwarf
     0 | D:1      | Noticed a demonspawn
     0 | D:1      | Noticed a gargoyle
     0 | D:1      | Noticed a kraken
     0 | D:1      | Noticed a merfolk
     0 | D:1      | Noticed a ghoul
     0 | D:1      | Noticed a naga
     0 | D:1      | Noticed a vampire
     3 | D:1      | Killed a dwarf
     3 | D:1      | Killed a gargoyle
     4 | D:1      | Killed a naga
     6 | D:1      | Killed a gargoyle
     7 | D:1      | Killed a merfolk
     7 | D:1      | Killed a vampire
     7 | D:1      | Killed a dwarf
     8 | D:1      | Killed a kraken
   127 | D:1      | Reached skill level 5 in Necromancy
   353 | D:1      | Found Tuweg's Magic Scroll Emporium.
   380 | D:1      | You fall into a shaft and drop 1 floor!
   390 | D:2      | Reached XP level 2. HP: 15/15 MP: 4/8
   606 | D:2      | Reached XP level 3. HP: 19/19 MP: 6/9
   610 | D:2      | Learned a level 3 spell: Vampiric Draining
  1057 | D:2      | Found a faded altar of an unknown god.
  1795 | D:3      | Reached XP level 4. HP: 24/24 MP: 7/11
  1945 | D:3      | Noticed Natasha
  1947 | D:3      | Killed Natasha
  2128 | D:3      | Learned a level 4 spell: Animate Dead
  2323 | D:3      | Noticed Natasha
  2341 | D:3      | Killed Natasha
  2453 | D:3      | Noticed Jessica
  2460 | D:3      | Killed Jessica
  2461 | D:3      | Reached skill level 4 in Spellcasting
  2461 | D:3      | Reached XP level 5. HP: 28/28 MP: 5/13
  2530 | D:3      | Noticed Natasha
  2535 | D:3      | Killed Natasha
  2536 | D:3      | Reached skill level 1 in Staves
  2565 | D:3      | Found Doahoese's General Store.
  2800 | D:4      | Found a glowing drain.
  2828 | Sewer    | Entered a sewer
  3168 | Sewer    | Reached XP level 6. HP: 31/32 MP: 8/15
  3289 | Sewer    | Reached skill level 5 in Spellcasting
  3930 | D:4      | Reached skill level 6 in Spellcasting
  3930 | D:4      | Reached XP level 7. HP: 36/36 MP: 9/18
  4027 | D:4      | Learned a level 5 spell: Agony
  4591 | D:4      | Found a snail-covered altar of Cheibriados.
  4718 | D:4      | Gained mutation: You are clumsy. (Dex -2) [potion of
                  | mutation]
  4718 | D:4      | Gained mutation: You have sharp toenails. [potion of
                  | mutation]
  4719 | D:4      | Lost mutation: You are clumsy. (Dex -2) [potion of
                  | mutation]
  4719 | D:4      | Lost mutation: You have sharp toenails. [potion of
                  | mutation]
  4719 | D:4      | Gained mutation: You have sharp toenails. [potion of
                  | mutation]
  4719 | D:4      | Gained mutation: You are robust. (+10% HP) [potion of
                  | mutation]
  4719 | D:4      | Gained mutation: Your muscles are strong. (Str +4, Int/Dex
                  | -1) [potion of mutation]
  4740 | D:5      | Entered Level 5 of the Dungeon
  5431 | D:6      | Reached skill level 7 in Spellcasting
  5466 | D:6      | Found a staircase to the Ecumenical Temple.
  5474 | D:6      | Reached XP level 8. HP: 45/45 MP: 14/21
  5478 | Temple   | Entered the Ecumenical Temple
  5524 | Temple   | Became a worshipper of Gozag Ym Sagoz the Greedy
  5773 | D:6      | Reached skill level 8 in Spellcasting
  6067 | D:6      | Found a shimmering altar of Xom.
  6487 | Temple   | Fell from the grace of Gozag
  6487 | Temple   | Became a worshipper of Vehumet
  6730 | D:6      | Reached skill level 9 in Spellcasting
  7173 | D:7      | Found Yfoxzif's Assorted Antiques.
  7182 | D:7      | Reached skill level 10 in Necromancy
  7194 | D:7      | Reached skill level 10 in Spellcasting
  7221 | D:7      | Reached XP level 9. HP: 29/49 MP: 1/25
  7392 | D:7      | Reached * piety under Vehumet
  7392 | D:7      | Offered knowledge of Sandblast by Vehumet.
  8051 | D:8      | Reached skill level 11 in Spellcasting
  8060 | D:8      | Learned a level 1 spell: Sandblast
  8209 | D:8      | Slain by a hornet

Illustrated notes

Levels and vault maps discovered:
D:1:      nicolae_arrival_kraken_aquarium_a, layout_basic, serial_shops, shop
D:2:      layout_rooms, basic_ecumenical_altar, dreamdust_princess_bridge,
          minmay_quadrilaterals
D:3:      layout_loops_ring, serial_shops, nicolae_shop_tiny_waterfront,
          uniq_natasha, uniq_jessica
D:4:      layout_basic, slow_altar_2, cheibrodos_sewer_entry_drain,
          grunt_ministairs_8, nicolae_elevator_lobby_plus
D:5:      layout_rooms
D:6:      minmay_diamond_boxcup, layout_loops_ring, pf_just_have_faith,
          minmay_temple_entry_waves, nicolae_nh_ransacked_shop
D:7:      layout_basic, serial_shops, nicolae_square_shop
D:8:      layout_rooms, kennysheep_mini_moat
Temple:   dshaligram_water_room_temple

Skill      XL: |  1  2  3  4  5  6  7  8  9 |
---------------+----------------------------+-----
Necromancy     | 5 6 7 8 9 10 | 10.7
Spellcasting   | 4 6 7 10 11 | 11.2
Staves         | 1 2 3 4 |  4.6
Dodging        | 3 |  3.7
Stealth        | 3 |  3.0
Armour         | |  0.1
Evocations     | |  0.3

Action                     |  1- 3 |  4- 6 |  7- 9 || total
---------------------------+-------+-------+-------++-------
  Melee: Staff             |     7 |    26 |   108 ||   141
         Unarmed           |     2 |       |       ||     2
         Punch             |       |     1 |     1 ||     2
         Kick              |       |       |    11 ||    11
   Cast: Necrotise         |    54 |    95 |    77 ||   226
         Vampiric Draining |       |    10 |    56 ||    66
         Animate Dead      |       |     1 |     6 ||     7
         Agony             |       |       |     1 ||     1
         Sandblast         |       |       |     3 ||     3
  Evoke: Wand              |       |       |     9 ||     9
    Use: Potion            |     1 |       |     7 ||     8
         Scroll            |       |    11 |     3 ||    14
   Stab: Sleeping          |       |       |     1 ||     1
         Distracted        |       |       |     1 ||     1
 Armour: Robe              |     7 |     1 |       ||     8
         Leather armour    |       |    31 |   145 ||   176
  Dodge: Dodged            |    18 |    47 |   219 ||   284

Table legend: (Time is in decaauts)
 A = Elapsed time spent in this place.
 B = Non-inter-level travel time spent in this place.
 C = Inter-level travel time spent in this place.
 D = Time resting spent in this place.
 E = Time spent auto-exploring this place.
 F = Levels seen in this place.
 G = Mean time per level.
                   A        B        C        D        E       F      G
               +--------+--------+--------+--------+--------+-----+--------+
         Total |   8309 |   7913 |    396 |     57 |   6615 |  10 |  830.9 |
       Dungeon |   7220 |   6906 |    314 |     57 |   5817 |   8 |  902.5 |
        Temple |    117 |     35 |     82 |      0 |     33 |   1 |  117.0 |
         Sewer |    971 |    971 |      0 |      0 |    765 |   1 |  971.0 |
               +--------+--------+--------+--------+--------+-----+--------+

Top non-repeatable levels by time:
     D:6: 1697 daAuts
     D:4: 1083 daAuts
   Sewer: 971 daAuts
     D:1: 932 daAuts
     D:3: 916 daAuts
     D:7: 896 daAuts
     D:2: 863 daAuts
     D:5: 590 daAuts
     D:8: 240 daAuts
  Temple: 117 daAuts
